 Dungeon Crawl Stone Soup version 0.28.0 (webtiles) character file.

Game seed: 2690966342051797828

19 H0rd4k the Magician (level 2, -4/15 HPs)
             Began as a Deep Elf Hedge Wizard on Feb 16, 2022.
             Slain by Terence (10 damage)
             ... on level 2 of the Dungeon.
             The game lasted 00:01:55 (1583 turns).

H0rd4k the Magician (Deep Elf Hedge Wizard)         Turns: 1583, Time: 00:01:56

Health: -4/15      AC:  2    Str: 13    XL:     2   Next: 55%
Magic:  10/10      EV: 12    Int: 18    God:
Gold:   45         SH:  0    Dex: 14    Spells: 10/11 levels left

rFire   . . .      SeeInvis .   a - +0 dagger
rCold   . . .      Faith    .   (no shield)
rNeg    . . .      Spirit   .   b - +0 robe
rPois   .          Reflect  .   c - +0 hat
rElec   .          Harm     .   (no cloak)
rCorr   .          Rampage  .   (no gloves)
Will    .....                   (no boots)
Stlth   ++........              (no amulet)
HPRegen 0.05/turn               d - +6 ring of strength
MPRegen 0.12/turn               f - ring of wizardry

@: no status effects
A: no striking features
a: no special abilities


You were on level 2 of the Dungeon.
You visited 1 branch of the dungeon, and saw 2 of its levels.

You collected 45 gold pieces.

Inventory:

Hand Weapons
 a - a +0 dagger (weapon)
Armour
 b - a +0 robe (worn)
 c - a +0 hat (worn)
Jewellery
 d - a +6 ring of strength (left hand)
 e - a ring of resist corrosion
 f - a ring of wizardry (right hand)
Scrolls
 g - 2 scrolls of identify {unknown}


   Skills:
 + Level 2.5 Dodging
 - Level 2.4 Stealth
 + Level 5.4 Spellcasting
 + Level 1.2 Conjurations
 + Level 1.1 Summonings
 + Level 1.1 Translocations


You had 10 spell levels left.
You knew the following spells:

 Your Spells              Type           Power      Damage    Failure   Level
a - Magic Dart            Conj           36%        1d4       3%          1

Your spell library contained the following spells:

 Spells                   Type           Power      Damage    Failure   Level
 Blink                    Tloc           16%        N/A       4%          2
 Call Imp                 Summ           8%         N/A       4%          2
 Slow                     Hex            16%        N/A       5%          1
 Conjure Flame            Conj/Fire      7%         6-21      12%         3
 Mephitic Cloud           Conj/Pois/Air  6%         N/A       13%         3


Dungeon Overview and Level Annotations

Branches:
Dungeon (2/15)

Altars:

Shops:
D:1 =

Annotations:
D:2 Terence


Message History

A nearby plant withers and dies.
A goblin comes into view. It is wielding a +0 dagger.
A goblin is nearby!
The magic dart hits the goblin.
The goblin is severely wounded.
The goblin shouts!
The magic dart hits the goblin.
You kill the goblin!
You can't see any susceptible monsters within range! (Use Z to cast anyway.)
You can't see any susceptible monsters within range! (Use Z to cast anyway.) Magic restored.
You see here a +0 dagger.
Terence the Incautious comes into view.
He is wielding a +0 trident.
Terence is nearby!
Terence is nearby!
Terence is nearby!
The magic dart hits Terence.
Terence is lightly wounded.
Casting: Magic Dart (safe; 3% risk of failure)
Confirm with . or Enter, or press ? or * to list all spells.
You don't know that spell.
The magic dart hits Terence.
Terence is lightly wounded.
The magic dart hits Terence but does no damage.
Terence is lightly wounded.
The magic dart hits Terence.
Terence is moderately wounded.
The magic dart hits Terence.
Terence is moderately wounded.
Terence screams, "I want your blood!"
The magic dart hits Terence.
Terence is heavily wounded.
Terence hits you from afar with a +0 trident!
Ouch! That really hurt!
* * * LOW HITPOINT WARNING * * *
You are too injured to fight recklessly!
Terence asks, "Do you want it fast or slow?"
Terence hits you from afar with a +0 trident!
Ouch! That really hurt!
You die...

##.......# #...............
##........# ##..♣♣♣...♣♣♣...
#.#....##.# #.♣# #♣.♣# #♣.♣
##..#####.# #.♣ ♣.♣ ♣.♣
#.#####........## #.♣# #♣.♣#
#♣.♣ #.......#.......#
#..♣♣♣...♣♣♣...
#######.#.#####.#
#..............
#.....#...#.###.#..##########
#......###..@........# ######
#.<....# #..###......# #...w.
#......###.@# #.###..###.####
#.#.#....[..###.#.........>.#
#...........w.#.#.#....#.##.#
#.....##≈#.............#.##.#
..#..#≈#≈≈###.............##.#
##.#..#≈≈≈≈≈
#.............##.# .
#.##≈#≈≈#≈≈#................


You could see Terence.

Vanquished Creatures
  A dart slug (D:1)
  6 endoplasms
  2 goblins
  2 hobgoblins (D:1)
  2 kobolds (D:1)
  2 rats (D:1)
15 creatures vanquished.

Vanquished Creatures (others)
  A plant (D:2)
1 creature vanquished.

Grand Total: 16 creatures vanquished

Notes
Turn   | Place    | Note
-------+----------+-------------------------------------------
     0 | D:1      | H0rd4k the Deep Elf Hedge Wizard began the quest for the
                  | Orb.
     0 | D:1      | Reached XP level 1. HP: 10/10 MP: 7/7
   361 | D:1      | Reached skill level 5 in Spellcasting
   381 | D:1      | Reached XP level 2. HP: 15/15 MP: 0/10
   463 | D:1      | Found a faded altar of an unknown god.
   485 | D:1      | Found Tysuago Qecu's Jewellery Boutique.
  1519 | D:2      | Noticed Terence
  1583 | D:2      | Slain by Terence

Illustrated notes

Levels and vault maps discovered:
D:1:      amcnicky_arrival_single_pillar, layout_rooms, basic_ecumenical_altar,
          serial_shops, shop, nicolae_figureground_sparkle
D:2:      layout_loops_cross, serial_shops,
          nicolae_shop_temple_entry_statues_fountains, serial_bayou_pond_a,
          minivault_4, minmay_stone_trees_large, amethyst_killhole,
          uniq_terence, uniq_sigmund

Skill      XL: |  1 |
---------------+----+-----
Spellcasting   | 5 |  5.4
Dodging        | |  2.5
Stealth        | |  2.4
Conjurations   | |  1.2
Summonings     | |  1.1
Translocations | |  1.1

Action                   || total
-------------------------++-------
Melee: Dagger            ||     1
 Cast: Magic Dart        ||    78
Armor: Robe              ||     1
Dodge: Dodged            ||     3
